 Dungeon Crawl Stone Soup version 0.31-a0-1424-g2add1c7226 (webtiles) character file.

Game seed: 8178839515825160351

65 inmateoo the Poker (level 3, -1/28 HPs)
             Began as a Demonspawn Gladiator on Dec 26, 2023.
             Slain by a gnoll
             ... wielding a +0 flail
              (12 damage)
             ... on level 2 of the Dungeon.
             The game lasted 00:02:46 (1644 turns).

inmateoo the Poker (Demonspawn Gladiator)           Turns: 1644, Time: 00:02:47

Health: -1/28      AC:  7    Str: 16    XL:     3   Next: 92%
Magic:  3/3        EV: 10    Int:  8    God:
Gold:   124        SH:  0    Dex: 14    Spells: 2/2 levels left

rFire   . . .        a - +1 trident
rCold   . . .        (no shield)
rNeg    . . .        j - +0 scale mail
rPois   .            c - +0 helmet
rElec   .            (no cloak)
rCorr   .            (no gloves)
SInv    .            (no boots)
Will    .....        (no amulet) Stlth
                     (no ring)
HPRegen 0.24/turn    (no ring)
MPRegen 0.08/turn

%: no passive effects
@: no status effects
A: powered by pain 1, weakness stinger 1
a: no special abilities


You were on level 2 of the Dungeon.
You visited 1 branch of the dungeon, and saw 3 of its levels.

You collected 124 gold pieces.

Inventory:

Hand Weapons
 a - a +1 trident (weapon)
Missiles
 d - 2 throwing nets (quivered)
 e - a javelin
Armour
 c - a +0 helmet (worn)
 j - a +0 scale mail (worn)
Scrolls
 f - a scroll of fog
 g - 3 scrolls of identify
 h - 2 scrolls of enchant weapon
Potions
 b - a potion of curing
 i - a potion of might


   Skills:
 + Level 2.5 Fighting
 * Level 3.5 Polearms
 - Level 1.7 Throwing
 + Level 1.2 Armour
 + Level 3.1 Dodging


You had 2 spell levels left.
You didn't know any spells.
Your spell library contained the following spells:

 Spells                   Type           Power      Damage    Failure   Level
 Magic Dart               Conj           0%         1d3       85%         1
 Slow                     Hex            0%         N/A       85%         1
 Summon Small Mammal      Summ           0%         N/A       85%         1
 Blink                    Tloc           0%         N/A       94%         2
 Call Imp                 Summ           0%         N/A       94%         2
 Call Canine Familiar     Summ           0%         N/A       99%         3
 Confusing Touch          Hex            0%         N/A       99%         3
 Sigil of Binding         Hex            0%         N/A       99%         3
 Summon Guardian Golem    Hex/Summ       0%         N/A       99%         3
 Vampiric Draining        Necr           0%         2d6       99%         3


Dungeon Overview and Level Annotations

Branches:
Dungeon (3/15)

Altars:
Xom

Shops:
D:2 =


Innate Abilities, Weirdness & Mutations

You sometimes gain a little power by taking damage.
You have a small tail.


Message History

The gnoll struggles against the net.
The gnoll struggles against the net.
The gnoll struggles against the net.
There is an escape hatch in the ceiling here.
A mysterious force pulls you upwards. The hatch slams shut behind you.
You start resting.
You feel a little less mighty now.
You start resting.
HP restored.
There is an open gate here.
There is a stone staircase leading down here.
You climb downwards.
There is a stone staircase leading up here.
Done exploring.
Done exploring.
The gnoll shouts!
The gnoll throws a throwing net.
The throwing net barely misses you.
Things that are here:
a ring of wizardry; a +0 leather armour You reach to attack!
You closely miss the gnoll.
The gnoll throws a throwing net.
The throwing net hits you.
You become entangled in the net!
You are held in a net!
You tear a large gash into the net.
You struggle against the net.
The gnoll hits you with a +0 flail.
You rip the net and break free!
The gnoll hits you with a +0 flail.
You barely miss the gnoll. The gnoll closely misses you.
You barely miss the gnoll. The gnoll hits you with a +0 flail.
The gnoll barely misses you.
You hit the gnoll. You tail-slap the gnoll.
The gnoll is moderately wounded.
The gnoll barely misses you.
You hit the gnoll.
You tail-slap the gnoll, but do no damage.
The gnoll is heavily wounded.
The gnoll hits you with a +0 flail.
You hit the gnoll.
Your tail-slap misses the gnoll.
The gnoll is severely wounded.
The gnoll hits you with a +0 flail!
You die...

#..#.####........####
#..#.# #............#
##....####........##.#
##..>...<..(.......##.#
#.#>........#...#####.#
##..#.......#.........##
##.#...##.......<...>.#
#..........<.....###.#
###>#####@#..###.# #.#
#.# #g#..# #.# #.#
##.#####g#.8###.# #.#
#####....gg.........#
#.#
#.........#....<##..#
#.#
#.#######.#.........#
#.# #.#
##......∩##.####.# #.#
#..........)..(..# #.#
##......8........####


You could see 2 gnolls.

Vanquished Creatures
  An adder (D:2)
  A dart slug (D:1)
  5 endoplasms
  3 giant cockroaches
  4 goblins
  5 hobgoblins
  4 jackals (D:1)
  A quokka (D:1)
  6 ball pythons
  6 bats
  2 frilled lizards
  6 kobolds
  7 rats
51 creatures vanquished.

Notes
Turn   | Place    | Note
-------+----------+-------------------------------------------
     0 | D:1      | inmateoo the Demonspawn Gladiator began the quest for the
                  | Orb.
     0 | D:1      | Reached XP level 1. HP: 16/16 MP: 1/1
   160 | D:1      | Gained mutation: You sometimes gain a little power by
                  | taking damage. [demonic ancestry]
   160 | D:1      | Reached XP level 2. HP: 17/22 MP: 2/2
   470 | D:1      | Discovered your monstrous ancestry.
   470 | D:1      | Gained mutation: You have a small tail. [demonic ancestry]
   470 | D:1      | Reached XP level 3. HP: 28/28 MP: 3/3
   703 | D:2      | Found Botadu's Jewellery Shop.
   798 | D:2      | Reached skill level 1 in Armour
  1067 | D:2      | Found a shimmering altar of Xom.
  1644 | D:2      | Slain by a gnoll

Illustrated notes

Levels and vault maps discovered:
D:1:      kennysheep_arrival_seaside, layout_rooms,
          chequers_serial_rivers_micro_a
D:2:      layout_loops_ring, basic_altar, serial_shops, shop_statue
D:3:      layout_rooms, chequers_temple_overflow_statue_of_worship

Skill      XL: |  1  2  3 |
---------------+----------+-----
Polearms       | 3 |  3.5
Dodging        | 3 |  3.1
Armour         | 1 |  1.2
Fighting       | |  2.5
Throwing       | |  1.7

Action                     || total
---------------------------++-------
  Melee: Trident           ||   183
         Punch             ||     1
         Tailslap          ||     5
  Throw: Throwing net      ||     1
    Use: Scroll            ||     5
   Stab: Sleeping          ||     1
 Armour: Leather armour    ||    70
         Scale mail        ||    42
  Dodge: Dodged            ||   122

Table legend: (Time is in decaauts)
 A = Elapsed time spent in this place.
 B = Non-inter-level travel time spent in this place.
 C = Inter-level travel time spent in this place.
 D = Time resting spent in this place.
 E = Time spent auto-exploring this place.
 F = Levels seen in this place.
 G = Mean time per level.
                   A        B        C        D        E       F      G
               +--------+--------+--------+--------+--------+-----+--------+
         Total |   1676 |   1612 |     64 |    269 |    854 |   3 |  558.7 |
       Dungeon |   1676 |   1612 |     64 |    269 |    854 |   3 |  558.7 |
               +--------+--------+--------+--------+--------+-----+--------+

Top non-repeatable levels by time:
     D:1: 806 daAuts
     D:2: 728 daAuts
     D:3: 141 daAuts
